 Dungeon Crawl Stone Soup version 0.32-a0-42-ga30500b4d3 (webtiles) character file.

Game seed: 12694028252638503851

881 cforsyth the Trooper (level 8, -3/45 (62) HPs)
             Began as a Djinni Reaver on Jan 27, 2024.
             Slain by a gnoll sergeant
             ... wielding a +1 vampiric spear
              (7 damage)
             ... on level 5 of the Dungeon.
             The game lasted 00:08:39 (4232 turns).

cforsyth the Trooper (Djinni Reaver)                Turns: 4232, Time: 00:08:39

HP:   -3/45 (62)    AC:  5    Str: 11    XL:     8   Next: 25%
Gold: 326           EV: 11    Int: 17    God:
                    SH:  0    Dex: 12

rFire   + + .        f - staff of cold
rCold   . . .        (no shield)
rNeg    . . .        b - +0 leather armour
rPois   ∞            m - +1 helmet
rElec   .            (no cloak)
rCorr   .            (no gloves)
SInv    .            (boots unavailable)
Will    .....        c - amulet of regeneration
Stlth   +            (no ring)
HPRegen 1.07/turn    (no ring)
MPRegen 0.00/turn

%: infuse magic (-4 HP)
@: flying, very heavily drained
A: sickness immunity, fire resistance 2, cold vulnerability 1, float, innate
caster, HP casting, extra vitality 1
a: no special abilities


You were on level 5 of the Dungeon.
You visited 1 branch of the dungeon, and saw 5 of its levels.

You collected 326 gold pieces.

Inventory:

Hand Weapons
 a - a +0 short sword
 s - a +2 dagger of venom
Armour
 b - a +0 leather armour (worn)
 m - a +1 helmet (worn)
 n - a +0 kite shield
Magical Staves
 f - a staff of cold (weapon)
Jewellery
 c - an amulet of regeneration (around neck)
 g - an amulet of reflection
 q - a ring of willpower
Wands
 u - a wand of flame (10)
Scrolls
 i - a scroll of brand weapon {unknown}
 j - a scroll of enchant armour {unknown}
 k - a scroll of fear {unknown}
 p - a scroll of enchant weapon {unknown}
 r - a scroll of teleportation {unknown}
 v - a scroll of revelation {unknown}
 w - a scroll of torment {unknown}
Potions
 e - 3 potions of heal wounds
 h - 2 potions of ambrosia
 l - 2 potions of might
 o - 3 potions of mutation
 t - a potion of curing
 x - a potion of lignification


   Skills:
 + Level 6.6 Fighting
 - Level 2.6 Short Blades
 - Level 2.1 Dodging
 + Level 5.6 Spellcasting
 + Level 5.6 Conjurations
 + Level 5.6 Hexes
 + Level 5.6 Summonings
 + Level 5.6 Necromancy
 + Level 5.6 Translocations
 + Level 5.6 Fire Magic
 + Level 5.6 Ice Magic
 + Level 5.6 Air Magic
 + Level 5.6 Earth Magic
 + Level 5.6 Alchemy


You knew the following spells:

 Your Spells              Type           Power      Damage    Failure   Level
a - Kiss of Death         Conj/Necr      92%        2d12      1%          1
b - Momentum Strike       Conj/Tloc      46%        3d9       2%          2
c - Hailstorm             Conj/Ice       35%        3d8       5%          3
d - Magic Dart            Conj           92%        1d7       1%          1
e - Mercury Vapours       Alch/Air       46%        N/A       2%          2
f - Confusing Touch       Hex            23%        N/A       5%          3
Your spell library was empty.

Dungeon Overview and Level Annotations

Branches:
Dungeon (5/15)
 Temple: D:4-7

Altars:

Annotations:
D:5 1 runed translucent door, Crazy Yiuf


Innate Abilities, Weirdness & Mutations

You are immune to sickness and miasma.
You are immune to poison.
Your flesh is very heat resistant. (rF++)
You are vulnerable to cold. (rC-)
You float through the air rather than walking.
You learn spells naturally, not from books.
Your magical power is your life essence.
You have superior vitality. (+4 MHP)


Message History

The hail pelts the gnoll!
You kill the gnoll!
The hail pelts the gnoll!
The gnoll is almost dead.
The gnoll sergeant hits you from afar with a +1 vampiric spear!
Casting: Hailstorm (dangerous; 5% risk of failure)
Confirm with . or Enter, or press ? or * to list all spells.
Casting: Hailstorm (dangerous; 5% risk of failure)
Press: ? - help, Dir - look around, f - activate You feel a surge of power!
A cannonade of hail descends around you!
The hail misses the gnoll sergeant.
The hail pelts the gnoll!
You kill the gnoll!
The gnoll sergeant hits you from afar with a +1 vampiric spear.
Casting: Hailstorm (dangerous; 5% risk of failure)
Confirm with . or Enter, or press ? or * to list all spells.
Casting: Hailstorm (dangerous; 5% risk of failure)
Press: ? - help, Dir - look around, f - activate You feel a surge of power!
A cannonade of hail descends around you!
The hail pelts the gnoll sergeant!
The gnoll sergeant is heavily wounded.
The gnoll sergeant hits you from afar with a +1 vampiric spear!
Casting: Hailstorm (dangerous; 5% risk of failure)
Confirm with . or Enter, or press ? or * to list all spells.
Casting: Hailstorm (dangerous; 5% risk of failure)
Press: ? - help, Dir - look around, f - activate You feel a surge of power!
A cannonade of hail descends around you!
The hail pelts the gnoll sergeant!
The gnoll sergeant is severely wounded.
* * * LOW HITPOINT WARNING * * *
The gnoll sergeant hits you from afar with a +1 vampiric spear.
* * * LOW HITPOINT WARNING * * *
The gnoll sergeant attacks as it pursues you!
The gnoll sergeant hits you from afar with a +1 vampiric spear.
* * * LOW HITPOINT WARNING * * *
The gnoll sergeant attacks as it pursues you!
The gnoll sergeant hits you from afar with a +1 vampiric spear!
You die...

####............................
..#............>...............#
..............................#
......................##.######
#..................#..##)#
.....#.....##.........##.##
#.......####...##≈≈≈≈≈≈≈≈≈#
............<..##≈##≈≈≈##≈#
.#..............@≈#######≈#
.................≈≈#)..#≈≈#
##................g'.)?#≈≈#
.................≈≈#)..#≈≈#
.................≈#######≈#
.................≈##≈≈≈##≈#
.###............#≈≈≈≈≈≈≈≈≈# .#
##..........############ .#
#########..#


You could see a gnoll sergeant.

Vanquished Creatures
  Sigmund (D:2)
  Edmund (D:5)
  Duvessa (D:5)
  2 scorpions (D:3)
  Dowan (D:5)
  A hound (D:3)
  2 orc priests (D:4)
  An orc wizard (D:3)
  Robin (D:2)
  3 gnolls (D:5)
  6 adders
  A shadow imp (D:4)
  2 white imps (D:5)
  3 dart slugs
  3 ribbon worms (D:2)
  3 orcs
  9 endoplasms
  A giant cockroach (D:3)
  9 hobgoblins
  4 jackals (D:2)
  7 kobolds
  3 quokkas (D:1)
  6 ball pythons
  3 bats
  6 frilled lizards
  11 goblins
  8 rats
99 creatures vanquished.

Notes
Turn   | Place    | Note
-------+----------+-------------------------------------------
     0 | D:1      | cforsyth the Djinni Reaver began the quest for the Orb.
     0 | D:1      | cforsyth set off with the following spells memorised: Kiss
                  | of Death, Momentum Strike, Hailstorm.
     0 | D:1      | Reached XP level 1. HP: 18/18 MP: 0/0
   116 | D:1      | Reached XP level 2. HP: 19/23 MP: 0/0
   154 | D:1      | Found a faded altar of an unknown god.
   395 | D:1      | Reached XP level 3. HP: 9/29 MP: 0/0
   395 | D:1      | Learned a level 1 spell: Magic Dart
  1051 | D:2      | Reached skill level 3 in Fighting
  1111 | D:2      | Reached XP level 4. HP: 21/35 MP: 0/0
  1628 | D:2      | Noticed Sigmund
  1674 | D:2      | Killed Sigmund
  1675 | D:2      | Reached skill level 4 in Fighting
  1675 | D:2      | Reached XP level 5. HP: 26/42 MP: 0/0
  1675 | D:2      | Learned a level 2 spell: Mercury Vapours
  1675 | D:2      | Reached XP level 6. HP: 30/48 MP: 0/0
  1755 | D:2      | Noticed Robin
  1829 | D:2      | Killed Robin
  3221 | D:3      | Reached skill level 5 in Fighting
  3251 | D:3      | Reached XP level 7. HP: 19/54 MP: 0/0
  3251 | D:3      | Learned a level 3 spell: Confusing Touch
  3334 | D:4      | Reached skill level 5 in Spellcasting
  3334 | D:4      | Reached skill level 5 in Conjurations
  3334 | D:4      | Reached skill level 5 in Hexes
  3334 | D:4      | Reached skill level 5 in Summonings
  3334 | D:4      | Reached skill level 5 in Necromancy
  3334 | D:4      | Reached skill level 5 in Translocations
  3334 | D:4      | Reached skill level 5 in Fire Magic
  3334 | D:4      | Reached skill level 5 in Ice Magic
  3334 | D:4      | Reached skill level 5 in Air Magic
  3334 | D:4      | Reached skill level 5 in Earth Magic
  3334 | D:4      | Reached skill level 5 in Alchemy
  3714 | D:5      | Entered Level 5 of the Dungeon
  3836 | D:5      | Noticed Dowan
  3843 | D:5      | Noticed Duvessa
  3865 | D:5      | Killed Dowan
  3866 | D:5      | Reached skill level 6 in Fighting
  4002 | D:5      | Killed Duvessa
  4003 | D:5      | Reached XP level 8. HP: 16/31 MP: 0/0
  4057 | D:5      | Found a runed translucent door.
  4058 | D:5      | Noticed Crazy Yiuf
  4128 | D:5      | Noticed Edmund
  4140 | D:5      | Killed Edmund
  4232 | D:5      | Slain by a gnoll sergeant

Illustrated notes

Levels and vault maps discovered:
D:1:      dpeg_arrival_tiny_g, layout_rooms,
          hellmonk_ecumenical_altar_pennies_from_heaven,
          wander_ebering_terrifying_dragon_lair
D:2:      layout_basic, chequers_garden, minmay_misc_feat_tower, minivault_25,
          kennysheep_donut, chequers_serial_rivers_room_b, uniq_sigmund,
          uniq_robin
D:3:      layout_loops_ring
D:4:      wad_pebble_path, layout_basic
D:5:      layout_rooms, lightli_minifort, uniq_crazy_yiuf_cottage, uniq_duvessa,
          uniq_edmund

Skill      XL: |  1  2  3  4  5  6  7 |
---------------+----------------------+-----
Spellcasting   | 3 4 5 |  5.6
Conjurations   | 3 4 5 |  5.6
Hexes          | 3 4 5 |  5.6
Summonings     | 3 4 5 |  5.6
Necromancy     | 3 4 5 |  5.6
Translocations | 3 4 5 |  5.6
Fire Magic     | 3 4 5 |  5.6
Ice Magic      | 3 4 5 |  5.6
Air Magic      | 3 4 5 |  5.6
Earth Magic    | 3 4 5 |  5.6
Alchemy        | 3 4 5 |  5.6
Fighting       | 3 4 5 6 |  6.6
Short Blades   | |  2.6
Dodging        | |  2.1

Action                     |  1- 3 |  4- 6 |  7- 9 || total
---------------------------+-------+-------+-------++-------
  Melee: Short sword       |   115 |    34 |    31 ||   180
         Punch             |     2 |     1 |       ||     3
         Staff             |     5 |    24 |       ||    29
   Cast: Magic Dart        |    52 |   139 |    21 ||   212
         Hailstorm         |       |     4 |    15 ||    19
         Kiss of Death     |       |     1 |     5 ||     6
         Confusing Touch   |       |       |     2 ||     2
         Mercury Vapours   |       |       |     2 ||     2
  Evoke: Wand              |       |       |     2 ||     2
    Use: Scroll            |       |       |     6 ||     6
   Stab: Confused          |       |       |     1 ||     1
 Armour: Leather armour    |    70 |   108 |    42 ||   220
  Dodge: Dodged            |    67 |    84 |    19 ||   170

Table legend: (Time is in decaauts)
 A = Elapsed time spent in this place.
 B = Non-inter-level travel time spent in this place.
 C = Inter-level travel time spent in this place.
 D = Time resting spent in this place.
 E = Time spent auto-exploring this place.
 F = Levels seen in this place.
 G = Mean time per level.
                   A        B        C        D        E       F      G
               +--------+--------+--------+--------+--------+-----+--------+
         Total |   4216 |   4040 |    176 |    281 |   2745 |   5 |  843.2 |
       Dungeon |   4216 |   4040 |    176 |    281 |   2745 |   5 |  843.2 |
               +--------+--------+--------+--------+--------+-----+--------+

Top non-repeatable levels by time:
     D:2: 1256 daAuts
     D:1: 972 daAuts
     D:3: 891 daAuts
     D:4: 673 daAuts
     D:5: 423 daAuts
